 Dungeon Crawl Stone Soup version 0.27.1-1-g398f81649c (webtiles) character file.

Game seed: 860436769396364715

428 Borgoz the Skirmisher (level 6, 0/60 HPs)
             Began as a Gargoyle Berserker on Sept 21, 2021.
             Was a Priest of Trog.
             Slain by Menkaure (11 damage)
             ... on level 4 of the Dungeon.
             The game lasted 00:04:27 (4694 turns).

Borgoz the Skirmisher (Gargoyle Berserker)          Turns: 4694, Time: 00:04:28

Health: 0/60       AC:  6    Str: 20    XL:     6   Next: 98%
Magic:  6/6        EV: 12    Int:  8    God:    Trog [***...]
Gold:   181        SH:  0    Dex: 11    Spells: 5/5 levels left

rFire    . . .     SeeInvis .   f - +0 long sword
rCold    . . .     Faith    .   (no shield)
rNeg     + . .     Spirit   .   b - +0 animal skin
rPois    ∞         Reflect  .   (no helmet)
rElec    +         Harm     .   (no cloak)
rCorr    .         Rampage  .   (no gloves)
Will     .....                  (no boots)
Stlth    ..........             (no amulet)
HPRegen  0.20/turn              (no ring)
MPRegen  0.10/turn              (no ring)

@: berserking, very quick
A: sickness immunity, AC +4, negative energy resistance 1, electricity
resistance, torment resistance 1, petrification resistance
a: Renounce Religion, Berserk, Trog's Hand


You were on level 4 of the Dungeon.
You worshipped Trog.
Trog was most pleased with you.
You visited 1 branch of the dungeon, and saw 4 of its levels.
You also visited: Sewer.

You collected 181 gold pieces.

Inventory:

Hand Weapons
 f - a +0 long sword (weapon)
Armour
 b - a +0 animal skin (worn)
Scrolls
 a - a scroll of enchant weapon {unknown}
 c - 3 scrolls of identify {unknown}
 d - 2 scrolls of blinking {unknown}
 g - 4 scrolls of fear {unknown}
 i - a scroll of acquirement {unknown}
 o - a scroll of noise {unknown}
Potions
 e - 3 potions of flight {unknown}
 h - 4 potions of mutation {unknown}
 j - a potion of might {unknown}
 k - a potion of magic {unknown}
 l - a potion of heal wounds {unknown}
 m - 2 potions of curing {unknown}
 n - a potion of lignification {unknown}


   Skills:
 + Level 4.9 Fighting
 * Level 4.5 Long Blades
 + Level 4.1 Armour
 + Level 3.1 Dodging


You had 5 spell levels left.
You didn't know any spells.
Your spell library was empty.

Dungeon Overview and Level Annotations

Branches:
Dungeon (4/15)              Sewer (visited)
 Temple: D:4-7

Altars:

Shops:
D:1 *   D:3 [

Annotations:
D:4 Menkaure


Innate Abilities, Weirdness & Mutations

You are immune to sickness and miasma.
Your stone body is resilient. (AC +4)
You are immune to poison.
You resist negative energy. (rN+)
You are resistant to electric shocks. (rElec)
You are resistant to unholy torment.
You are immune to petrification.


Message History

Natasha is moderately wounded.
Natasha barely misses you. Natasha casts a spell at you.
The magic dart hits you.
You slash Natasha!
You kill Natasha!
Trog accepts your kill.
Trog appreciates your killing of a magic user.
Natasha screams in pain as she dies!
No target in view!
No target in view!
No target in view!
There is a shaft here.
Found a chain mail.
Found 10 gold pieces.
You now have 167 gold pieces (gained 10).
Found a mace.
Found a flail.
Found 14 gold pieces.
Found 3 scrolls labelled ANAJUN KUBUM.
You now have 181 gold pieces (gained 14).
Found 10 stones.
g - 4 scrolls labelled ANAJUN KUBUM (gained 3) Menkaure, Prince of Dust comes into view.
Menkaure shouts!
Menkaure is nearby!
Found a scroll labelled ECHUIF NUOPI.
Menkaure hits you!!
Ouch! That really hurt!
You are too injured to fight recklessly!
You are too injured to fight recklessly!
A red film seems to cover your vision as you go berserk!
You feel yourself moving faster!
You feel mighty! Menkaure hits you!!
* * * LOW HITPOINT WARNING * * *
You hit Menkaure.
Menkaure is moderately damaged.
You barely miss Menkaure.
Menkaure is moderately damaged.
Menkaure hits you!
You die...

##### #.#.#...#
...####.#.#)..#
########(#......#.###
#.............#.#.#
...#.#.#....#.#.#
?####.#........#.#.#
........#.######.#
#####.#.#.# ..# ..
#@#.# ### ## #M#.#
#.#.# #.#.# ..#.# ###


You could see Menkaure.

Vanquished Creatures
  A necrophage (D:4)
  A phantom (D:4)
  A hound (D:4)
  Natasha (twice) (D:4)
  An orc wizard (D:3)
  5 adders
  A river rat (D:3)
  2 dart slugs
  3 orcs (D:3)
  3 endoplasms
  6 giant cockroaches
  4 goblins (D:1)
  6 hobgoblins
  8 jackals
  13 kobolds
  4 quokkas
  14 ball pythons
  6 bats
  9 frilled lizards
  10 rats
100 creatures vanquished.

Vanquished Creatures (others)
  21 plants (Sewer)
21 creatures vanquished.

Grand Total: 121 creatures vanquished

Notes
Turn   | Place    | Note
-------+----------+-------------------------------------------
     0 | D:1      | Borgoz the Gargoyle Berserker began the quest for the Orb.
     0 | D:1      | Reached XP level 1. HP: 14/14 MP: 1/1
   291 | D:1      | Reached XP level 2. HP: 18/19 MP: 2/2
   893 | D:1      | Found Hidualao's General Store.
   928 | D:1      | Reached XP level 3. HP: 16/23 MP: 3/3
  1530 | D:2      | Reached ** piety under Trog
  1903 | D:2      | Found a faded altar of an unknown god.
  1905 | D:2      | Reached XP level 4. HP: 29/29 MP: 4/4
  2337 | D:3      | Found Puvete's Antique Armour Shoppe.
  2411 | D:3      | Found a glowing drain.
  2503 | Sewer    | Entered a sewer
  3361 | D:3      | Reached XP level 5. HP: 32/33 MP: 5/5
  4205 | D:4      | Noticed a phantom
  4219 | D:4      | Killed a phantom
  4219 | D:4      | Reached *** piety under Trog
  4220 | D:4      | Reached XP level 6. HP: 37/39 MP: 6/6
  4330 | D:4      | Noticed a necrophage
  4350 | D:4      | Killed a necrophage
  4450 | D:4      | Noticed Natasha
  4456 | D:4      | Killed Natasha
  4543 | D:4      | Noticed Natasha
  4548 | D:4      | Killed Natasha
  4688 | D:4      | Noticed Menkaure
  4694 | D:4      | Slain by Menkaure

Illustrated notes

Levels and vault maps discovered:
D:1:      scummos_arrival_forest, layout_loops_corners, serial_shops,
          nicolae_square_shop, serial_park_tiny_pond, minmay_box_of_dots
D:2:      layout_basic, basic_ecumenical_altar
D:3:      layout_basic, serial_shops, shop, portal_sewer_entry_b
D:4:      layout_basic, serial_shops, shop, uniq_menkaure, uniq_natasha,
          uniq_pikel

Skill      XL: |  1  2  3  4  5  6 |
---------------+-------------------+-----
Long Blades    | 3 4 |  4.5
Dodging        | 2 3 |  3.1
Armour         | 3 4 |  4.1
Fighting       | 4 |  4.9

Action                   |  1- 3 |  4- 6 || total
-------------------------+-------+-------++-------
Melee: Falchion          |   105 |    15 ||   120
       Long sword        |       |   238 ||   238
Invok: Berserk           |     1 |     4 ||     5
       Trog's Hand       |       |     2 ||     2
 Stab: Sleeping          |     1 |     1 ||     2
Armor: Animal skin       |    38 |    95 ||   133
Dodge: Dodged            |    74 |   153 ||   227
       Rpst.: Falchion   |    30 |     4 ||    34
       Long sword        |       |    44 ||    44
